 Dungeon Crawl Stone Soup version 0.29.1-1-gd02db6906a (console) character file.

Game seed: 3726124326827643717

1588 erker the Summoner (level 8, -5/46 HPs)
             Began as an Octopode Summoner on Oct 8, 2022.
             Was an Initiate of Gozag.
             Slain by a bullfrog (8 damage)
             ... on level 7 of the Dungeon.
             The game lasted 00:24:53 (7627 turns).

erker the Summoner (Octopode Summoner)              Turns: 7627, Time: 00:24:54

Health: -5/46      AC:  1    Str:  7    XL:     8   Next: 92%
Magic:  9/14       EV: 28    Int: 19    God:    Gozag
Gold:   246        SH:  0    Dex: 13    Spells: 6/15 levels left

rFire   . . .      SeeInvis .   u - +0 spear
rCold   . . .      Faith    .   (no shield)
rNeg    . . .      Spirit   .   (helmet restricted)
rPois   +          Reflect  .   A - amulet of the acrobat
rElec   .          Harm     .   x - ring of poison resistance
rCorr   .          Rampage  .   (no ring)
Will    .....                   (no ring)
Stlth   +++.......              (no ring)
HPRegen 0.15/turn               (no ring)
MPRegen 0.14/turn               (no ring)
                                (no ring)
                                (no ring)

@: acrobatic
A: almost no armour, amphibious, 8 rings, camouflage 1, gelatinous body 1,
(nimble swimmer 1), tentacles
a: Renounce Religion, Potion Petition, Call Merchant, Bribe Branch


You were on level 7 of the Dungeon.
You worshipped Gozag.
Gozag was aware of your devotion.
You visited 2 branches of the dungeon, and saw 8 of its levels.

You collected 361 gold pieces.
You spent 39 gold pieces at shops.
You paid 76 gold pieces to Gozag.

Inventory:

Hand Weapons
 u - a +0 spear (weapon)
Missiles
 o - 6 atropa-tipped darts
 y - 4 poisoned darts
Magical Staves
 b - a staff of earth
 f - a staff of poison
Jewellery
 x - a ring of poison resistance (left tentacle)
 A - an amulet of the acrobat (around mantle)
Wands
 r - a wand of paralysis (5)
Scrolls
 c - a scroll of fog {unknown}
 e - a scroll of brand weapon {unknown}
 h - 6 scrolls of teleportation {unknown}
 i - 2 scrolls of blinking {unknown}
 l - 2 scrolls of immolation {unknown}
 n - 4 scrolls of identify
 p - a scroll of enchant armour {unknown}
 t - 2 scrolls of magic mapping {unknown}
 C - a scroll of amnesia {unknown}
 D - 2 scrolls of enchant weapon {unknown}
Potions
 a - a potion of magic
 d - a potion of might
 g - 2 potions of mutation {unknown}
 j - a potion of lignification
 k - 2 potions of cancellation {unknown}
 m - 3 potions of brilliance {unknown}
 q - 3 potions of curing {unknown}
 s - a potion of berserk rage {unknown}
 v - a potion of haste {unknown}
 w - a potion of attraction {unknown}
 z - a potion of heal wounds {unknown}
 B - 2 potions of flight {unknown}


   Skills:
 - Level 2.0 Dodging
 - Level 2.8 Stealth
 - Level 4.0 Spellcasting
 - Level 4.0 Hexes
 + Level 8.9 Summonings
 + Level 3.1 Transmutations
 + Level 3.1 Earth Magic


You had 6 spell levels left.
You knew the following spells:

 Your Spells              Type           Power      Damage    Failure   Level
a - Summon Small Mammal   Summ           100%       N/A       1%          1
d - Call Canine Familiar  Summ           37%        N/A       1%          3
g - Summon Guardian Gole  Hex/Summ       28%        N/A       3%          3
w - Passwall              Tmut/Erth      12%        N/A       6%          2

Your spell library contained the following spells:

 Spells                   Type           Power      Damage    Failure   Level
 Call Imp                 Summ           37%        N/A       1%          2
 Sandblast                Erth           30%        2d9       3%          1
 Inner Flame              Hex/Fire       11%        N/A       19%         3
 Portal Projectile        Hex/Tloc       22%        N/A       19%         3
 Stone Arrow              Conj/Erth      18%        3d8       22%         3
 Summon Lightning Spire   Summ/Air       20%        N/A       22%         4
 Cause Fear               Hex            9%         N/A       26%         4
 Leda's Liquefaction      Hex/Erth       8%         N/A       32%         4
 Gell's Gravitas          Tloc           3%         N/A       38%         3
 Lesser Beckoning         Tloc           3%         N/A       38%         3
 Teleport Other           Tloc           3%         N/A       38%         3
 Discord                  Hex            9%         N/A       100%        8


Dungeon Overview and Level Annotations

Branches:
Dungeon (7/15)             Temple (1/1) D:6

Altars:
Ashenzari
Cheibriados
Dithmenos
Fedhas
Gozag
Hepliaklqana
Kikubaaqudgha
Makhleb
Nemelex Xobeh
Okawaru
Qazlal
Ru
Sif Muna
Trog
Uskayaw
Wu Jian
Xom
Yredelemnul
Zin
The Shining One

Shops:
D:1 ?


Innate Abilities, Weirdness & Mutations

You cannot wear most types of armour.
You are amphibious.
You can wear up to eight rings at the same time.
Your skin changes colour to match your surroundings (Stealth+).
Your rubbery body absorbs attacks. (AC +1, EV +1)
((You are camouflaged when in or above water. (Stealth+)))
You have tentacles for arms and can constrict up to eight enemies at once.


Message History

The steam dragon is heavily wounded.
Your wolf bites the steam dragon.
The bullfrog misses you.
Your wolf bites the steam dragon.
The orc barely misses your wolf. The steam dragon bites you.
The steam dragon closely misses you. The orc closely misses your wolf.
You hit the steam dragon but do no damage.
You squeeze the steam dragon.
The steam dragon is almost dead.
Your wolf bites the steam dragon but does no damage.
The bullfrog barely misses you. The orc hits your wolf with a +0 mace!
The steam dragon barely misses you. The steam dragon claws you.
The orc hits your wolf with a +0 flail.
Your wolf barely misses the orc.
The orc misses your wolf. The bullfrog hits you.
Your wolf disappears in a puff of smoke!
The steam dragon completely misses you. x2
The steam dragon attacks as you move away!
The steam dragon closely misses you. The steam dragon claws you.
The orc barely misses something.
The bullfrog hits you!
* * * LOW HITPOINT WARNING * * *
Okay, then.
Unknown command.
Unknown command.
Unknown command.
Casting: Summon Small Mammal (safe; 1% risk of failure)
Confirm with . or Enter, or press ? or * to list all spells.
The bullfrog snags a nearby baby bat with its tongue.
The bullfrog barely misses you. The bullfrog hits you.
* * * LOW HITPOINT WARNING * * *
The bullfrog attacks as you move away! The bullfrog hits you.
* * * LOW HITPOINT WARNING * * *
Your hound bites the bullfrog.
The orc barely misses your hound. The bullfrog barely misses your hound.
Your hound closely misses the bullfrog.
The bullfrog attacks as you move away! The bullfrog closely misses you.
The orc hits your hound with a +0 flail.
Something completely misses your guardian golem.
The steam dragon breathes steam at you. The ball of steam misses you.
Found a scroll of noise.
The bullfrog hits you!
You die...
Your body crumbles into a pile of gold.

.........?. #.........
#+###.........
............#
...........##...###..
...........#........ #
#........#........ #.
######.§§§@...#........
#..##......§§§F§..#.......
#..........§##h§.##9o..#
#..##...##..##§.D##.o..##..
#..##...##..#...oo9........
#.......#...#...o..........
#..##...#...#..............
## ##...#...#..............
#....#...+..............


You could see a steam dragon, a bullfrog (ally target), 3 orcs and a friendly
hound (summoned, sheltered).

Vanquished Creatures
  An iguana (D:7)
  3 orc wizards (D:5)
  An adder (D:3)
  A shadow imp (D:5)
  2 dart slugs
  3 orcs
  An endoplasm (D:4)
  4 giant cockroaches
  5 goblins
  4 hobgoblins
  7 kobolds
  3 quokkas
  2 ball pythons
  A bat (D:1)
  4 frilled lizards
  2 rats
44 creatures vanquished.

Vanquished Creatures (collateral kills)
  A steam dragon (D:6)
  An ice beast (D:6)
  An ogre (D:6)
  A phantom (D:5)
  A scorpion (D:4)
  2 hounds (D:6)
  2 iguanas
  2 orc wizards (D:5)
  2 adders
  2 gnolls (D:3)
  A worm (D:2)
  A dart slug (D:5)
  5 orcs
  6 endoplasms
  A giant cockroach (D:1)
  2 goblins
  5 hobgoblins
  4 kobolds
  2 quokkas
  4 ball pythons
46 creatures vanquished.

Vanquished Creatures (others)
  A water moccasin (D:6)
  An orc warrior (D:5)
  An ice beast (D:5)
  2 black bears
  An ogre (D:4)
  2 gnoll boudas
  A hound (D:5)
  2 orc wizards (D:5)
  8 gnolls
19 creatures vanquished.

Grand Total: 109 creatures vanquished

Notes
Turn   | Place    | Note
-------+----------+-------------------------------------------
     0 | D:1      | erker the Octopode Summoner began the quest for the Orb.
     0 | D:1      | Reached XP level 1. HP: 11/11 MP: 3/3
   221 | D:1      | Reached XP level 2. HP: 17/17 MP: 1/5
   694 | D:1      | Reached XP level 3. HP: 15/21 MP: 2/6
   884 | D:1      | Found Wuwnas's Magic Scroll Boutique.
   889 | D:1      | Bought a scroll of noise for 13 gold pieces
   889 | D:1      | Bought a scroll of identify for 26 gold pieces
   906 | D:1      | Learned a level 3 spell: Call Canine Familiar
  1214 | D:2      | Found a faded altar of an unknown god.
  1668 | D:2      | Found a bloodstained altar of Trog.
  1677 | D:2      | Identified the +2 pair of boots of the Armoured One {Will+
                  | rCorr}
  1711 | D:2      | Reached XP level 4. HP: 25/27 MP: 8/8
  1884 | D:2      | Learned a level 3 spell: Summon Guardian Golem
  2306 | D:3      | Found a shadowy altar of Dithmenos.
  2828 | D:3      | Reached skill level 1 in Hexes
  2828 | D:3      | Reached skill level 5 in Summonings
  2956 | D:3      | Reached XP level 5. HP: 29/31 MP: 2/10
  3720 | D:4      | Identified the +1 leather armour of the Pit {rF+ Will+
                  | Str+4 Int-2 Dex+3}
  3857 | D:4      | Noticed an ogre
  3863 | D:4      | Killed an ogre
  3864 | D:4      | Reached XP level 6. HP: 36/36 MP: 5/11
  4661 | D:5      | Entered Level 5 of the Dungeon
  4680 | D:5      | Noticed a black bear
  4700 | D:5      | Killed a black bear
  4795 | D:5      | Reached skill level 6 in Summonings
  4829 | D:5      | Reached XP level 7. HP: 41/41 MP: 8/13
  5150 | D:5      | Reached skill level 7 in Summonings
  5562 | D:5      | Reached XP level 8. HP: 24/46 MP: 8/14
  5969 | D:5      | Learned a level 2 spell: Passwall
  6492 | D:6      | Reached skill level 8 in Summonings
  6492 | D:6      | Reached skill level 1 in Transmutations
  6492 | D:6      | Reached skill level 1 in Earth Magic
  6668 | D:6      | Found a staircase to the Ecumenical Temple.
  6675 | Temple   | Entered the Ecumenical Temple
  6795 | Temple   | Became a worshipper of Gozag Ym Sagoz the Greedy
  7627 | D:7      | Slain by a bullfrog

Illustrated notes

Levels and vault maps discovered:
D:1:      evilmike_arrival_home_sweet_home, layout_basic, serial_shops,
          nicolae_shop_hallway_plus, minmay_3d_cube
D:2:      layout_loops_ring, basic_altar, ebering_ecumenical_altar_mist,
          minivault_24, kennysheep_generic_room_5
D:3:      layout_loops_ring, mainiacjoe_overflow_24_doors
D:4:      layout_layer_cave
D:5:      layout_basic, chequers_serial_rivers_small_a,
          minmay_a_box_with_orc_wizards_in_it
D:6:      layout_loops_ring, minmay_temple_entry_tees
D:7:      layout_gridville, minivault_5
Temple:   regret_index_temple_mists

Skill      XL: |  1  2  3  4  5  6  7  8 |
---------------+-------------------------+-----
Spellcasting   | 3 4 |  4.0
Hexes          | 1 2 3 4 |  4.0
Summonings     | 5 6 7 8 |  8.9
Transmutations | 3 |  3.1
Earth Magic    | 3 |  3.1
Dodging        | |  2.0
Stealth        | |  2.8

Action                   |  1- 3 |  4- 6 |  7- 9 || total
-------------------------+-------+-------+-------++-------
Melee: Staff             |    63 |    18 |       ||    81
       Constrict         |    25 |     8 |     6 ||    39
       Tentacles         |    17 |     3 |     8 ||    28
       Unarmed           |     1 |       |       ||     1
       Punch             |     1 |     1 |       ||     2
       Spear             |       |    28 |    64 ||    92
 Cast: Summon Small Mamm |    27 |     2 |     3 ||    32
       Call Canine Famil |     4 |    17 |    19 ||    40
       Summon Guardian G |       |    11 |    19 ||    30
  Use: Scroll            |     2 |       |       ||     2
 Stab: Sleeping          |     5 |     6 |       ||    11
       Distracted        |     2 |       |     1 ||     3
Armor: Skin              |     8 |     1 |     2 ||    11
Dodge: Dodged            |    34 |    17 |    31 ||    82
